 Dungeon Crawl Stone Soup version 0.24-a0-525-g9231cdcba1 (webtiles) character file.

Game seed: 17572523657100098565

308 Mithandil the Conjurer (level 6, -2/32 HPs)
             Began as a Deep Elf Conjurer on Aug 1, 2019.
             Slain by Crazy Yiuf
             ... wielding a +4 quarterstaff of chaos
              (3 damage)
             ... on level 3 of the Dungeon.
             The game lasted 00:21:06 (3756 turns).

Mithandil the Conjurer (Deep Elf Conjurer)          Turns: 3756, Time: 00:21:08

Health: -2/32      AC:  5    Str:  7    XL:     6   Next: 17%
Magic:  9/15       EV: 13    Int: 20    God:
Gold:   143        SH:  0    Dex: 20    Spells: 3/14 levels left

rFire    . . .     SeeInvis .   a - +0 short sword
rCold    . . .     Gourm    .   (no shield)
rNeg     . . .     Faith    .   b - +0 leather armour
rPois    +         Spirit   .   (no helmet)
rElec    .         Reflect  .   o - +0 cloak
rCorr    .         Harm     .   s - +0 pair of gloves
MR       .....                  (no boots)
Stlth    +++.......             (no amulet)
HPRegen  0.10/turn              e - ring of poison resistance
MPRegen  0.14/turn              D - +5 ring of dexterity

@: no status effects
A: no striking features
a: no special abilities


You were on level 3 of the Dungeon.
You were not hungry.

You visited 1 branch of the dungeon, and saw 4 of its levels.

You collected 143 gold pieces.

Inventory:

Hand Weapons
 a - a +0 short sword (weapon)
Missiles
 g - 9 datura-tipped darts (quivered)
 t - 23 arrows
 z - 4 boomerangs
 A - 21 poisoned darts
Armour
 b - a +0 leather armour (worn)
 o - a +0 cloak (worn)
 s - a +0 pair of gloves (worn)
Jewellery
 e - a ring of poison resistance (left hand)
 D - a +5 ring of dexterity (right hand)
 E - an uncursed ring of flight
Scrolls
 d - a scroll of immolation {unknown}
 i - a scroll of fear {unknown}
 j - a scroll of magic mapping {unknown}
 m - 2 scrolls of identify {unknown}
 n - 3 scrolls of teleportation {unknown}
 q - 4 scrolls of remove curse
 r - a scroll of noise {unknown}
 v - 3 scrolls of amnesia {unknown}
 y - 2 scrolls of blinking {unknown}
 C - a scroll of enchant weapon {unknown}
Potions
 f - a potion of mutation {unknown}
 h - 2 potions of lignification {unknown}
 k - 2 potions of haste {unknown}
 l - 2 potions of brilliance {unknown}
 p - a potion of curing {unknown}
 u - a potion of heal wounds {unknown}
 w - a potion of might {unknown}
 x - a potion of flight {unknown}
 B - a potion of cancellation {unknown}
Comestibles
 c - 6 rations


   Skills:
 * Level 2.5 Throwing
 + Level 3.5 Dodging
 + Level 3.6 Stealth
 * Level 4.9 Spellcasting
 * Level 5.5 Conjurations
 + Level 1.3 Translocations


You had 3 spell levels left.
You knew the following spells:

 Your Spells              Type           Power        Failure   Level  Hunger
a - Magic Dart            Conj           ####         1%          1    None
b - Searing Ray           Conj           ####..       2%          2    #......
c - Force Lance           Conj/Tloc      ###.....     38%         4    ####...
d - Iskenderun's Mystic   Conj           ####....     17%         4    ####...

Your spell library contained the following spells:

 Spells                   Type           Power        Failure   Level  Hunger
 Dazzling Spray           Conj/Hex       ###...       17%         3    ##.....
 Fulminant Prism          Conj/Hex       ###.......   50%         4    ####...


Dungeon Overview and Level Annotations

Branches:
Dungeon (4/15)
 Temple: D:4-7

Altars:
Ashenzari
Fedhas
Hepliaklqana
Ru
Uskayaw
Wu Jian

Annotations:
D:3 Crazy Yiuf


Message History

(Press . to maintain the ray.)
The searing ray misses Crazy Yiuf.
Crazy Yiuf cries, "Walk spinner broken!"
The searing ray hits Crazy Yiuf!
Crazy Yiuf is heavily wounded.
Crazy Yiuf hits you with a +4 quarterstaff of chaos!
Crazy Yiuf burns you.
Casting: Searing Ray (safe; 2% risk of failure)
Confirm with . or Enter, or press ? or * to list all spells.
Aiming: Searing Ray (safe; 2% risk of failure)
Press: ? - help, Shift-Dir - straight line, f/p - Crazy Yiuf
Aim: Crazy Yiuf, wielding a +4 quarterstaff of chaos and wearing a +0 cloak (heavily wounded)
The searing ray hits Crazy Yiuf.
Crazy Yiuf is severely wounded. (Press . to maintain the ray.) Crazy Yiuf hits you with a +4 quarterstaff of chaos!
Ouch! That really hurt!
* * * LOW HITPOINT WARNING * * *
Crazy Yiuf burns you.
You die...

.......#.##...........)[....###.#
.......#.#......##.<[..##........
.......#.....#......)=.#.....##..
.......#################.........
........# #.........
........##♣♣♣♣♣ #....#....
........#...♣.♣♣♣ ### #....#....
...#.........♣..♣#...# #....#####
...#........♣♣♣♣@g...# #.##..# #.
...#....#..♣♣ ♣♣#..)# #.###.###.
........##♣♣ ### #.# #..##.
........# #.# #...#. ......#.#
#.###...##
......#.################.........
.....##.....#.........###........
.....##.....#..................).
.....##.....#....................


You could see Crazy Yiuf.

Vanquished Creatures
  2 orc priests (D:3)
  Jessica (D:3)
  2 worker ants
  2 orc wizards (D:3)
  3 adders
  A worm (D:2)
  3 dart slugs
  3 leopard geckos
  9 orcs
  4 giant cockroaches
  10 goblins
  9 hobgoblins
  2 jackals (D:2)
  A quokka (D:3)
  A ball python (D:1)
  8 bats
  6 frilled lizards
  7 kobolds
  4 rats
78 creatures vanquished.

Notes
Turn   | Place    | Note
-------+----------+-------------------------------------------
     0 | D:1      | Mithandil the Deep Elf Conjurer began the quest for the
                  | Orb.
     0 | D:1      | Reached XP level 1. HP: 10/10 MP: 6/6
   241 | D:2      | Reached XP level 2. HP: 15/15 MP: 4/8
   247 | D:2      | Learned a level 2 spell: Searing Ray
  1174 | D:2      | Reached XP level 3. HP: 19/19 MP: 7/10
  1350 | D:2      | Reached skill level 1 in Throwing
  1830 | D:2      | Reached XP level 4. HP: 16/24 MP: 1/12
  1836 | D:2      | Learned a level 4 spell: Force Lance
  1841 | D:2      | Learned a level 4 spell: Iskenderun's Mystic Blast
  2299 | D:3      | Reached skill level 5 in Conjurations
  2561 | D:4      | Reached XP level 5. HP: 16/28 MP: 5/13
  2750 | D:3      | Found a shattered altar of Ashenzari.
  2754 | D:3      | Found an ornate altar of the Wu Jian Council.
  2757 | D:3      | Found a hazy altar of Hepliaklqana.
  2757 | D:3      | Found a blossoming altar of Fedhas.
  2759 | D:3      | Found a hide-covered altar of Uskayaw.
  2761 | D:3      | Found a sacrificial altar of Ru.
  2826 | D:3      | Noticed Jessica
  2833 | D:3      | Killed Jessica
  2979 | D:3      | Reached skill level 1 in Translocations
  3224 | D:3      | Reached XP level 6. HP: 18/32 MP: 8/15
  3599 | D:3      | Found a runed translucent door.
  3600 | D:3      | Noticed Crazy Yiuf
  3756 | D:3      | HP: 1/32 [Crazy Yiuf/+4 quarterstaff of chaos (17)]
  3756 | D:3      | Slain by Crazy Yiuf

Levels and vault maps discovered:
D:1:      dpeg_arrival_more_subterranean_lakeside_camping, layout_basic
D:2:      layout_basic, chequers_serial_rivers_micro_a
D:3:      layout_basic, minitemple, uniq_crazy_yiuf_cottage, uniq_jessica
D:4:      layout_cave_pools, lemuel_doored_altar, lemuel_round_altar

Skill      XL: |  1  2  3  4  5 |
---------------+----------------+-----
Throwing       | 1 2 |  2.5
Stealth        | 3 |  3.6
Spellcasting   | 4 |  4.9
Dodging        | 3 |  3.5
Conjurations   | 5 |  5.5
Translocations | 1 |  1.3

Action                   |  1- 3 |  4- 6 || total
-------------------------+-------+-------++-------
Melee: Short sword       |    28 |     7 ||    35
 Cast: Magic Dart        |    71 |    61 ||   132
       Searing Ray       |     3 |    15 ||    18
  Use: Scroll            |       |     1 ||     1
 Stab: Sleeping          |     1 |     1 ||     2
  Eat: Chunk             |     3 |     6 ||     9
Armor: Leather armour    |    10 |    11 ||    21
Dodge: Dodged            |    31 |    38 ||    69

Table legend:
 A = Non-vault XP
 B = Vault XP
 C = Vault XP percentage of total XP
 D = Non-vault monster count
 E = Vault monster count
 F = Vault count percentage of total count
                 A         B        C        D         E       F
            +---------+---------+-------+---------+---------+-------
      Total |     404 |      37 |   8.4 |      77 |       1 |   1.3
            +---------+---------+-------+---------+---------+-------
        D:1 |      37 |       0 |   0.0 |      20 |       0 |   0.0
        D:2 |      65 |       0 |   0.0 |      22 |       0 |   0.0
        D:3 |     263 |      37 |  12.3 |      33 |       1 |   2.9
        D:4 |      39 |       0 |   0.0 |       2 |       0 |   0.0
            +---------+---------+-------+---------+---------+-------
